Map: [ESL] Solaris

Players

ShoWTimE - Winner!

  • Race: Protoss Protoss
  • Spawn Location: 1:00

HeroMarine

  • Race: Terran Terran
  • Spawn Location: 7:00

Event: ESL SC2 Masters 2023 Winter (Finals)

VOD

Have the link to the VOD?

Description

Time

  • Played on: Dec. 16, 2023, 9:55 a.m.
  • Length: 15:08

All games in this series

Show
View Real Time Build Order
Export as new Build Order

ShoWTimE Protoss - Winner!

Build Orders: 1 Gate Expand, Oracle Opening 

Get SALT Encoding   

  12  0:00  Probe  
  13  0:12  Probe  
  14  0:19  Pylon  
  14  0:24  Probe  
  15  0:37  Probe (Chrono Boost)  
  15  0:38  Gateway  
  16  0:48  Probe (Chrono Boost)  
  17  0:50  Assimilator  
  17  0:53  Probe (Chrono Boost)  
  18  1:04  Probe  
  19  1:16  Probe  
  20  1:25  Nexus  
  20  1:35  Cybernetics Core  
  20  1:37  Probe  
  21  1:43  Assimilator  
  21  1:50  Probe  
  21  1:53  Pylon  
  22  2:02  Probe  
  23  2:09  Adept (Chrono Boost)  
  23  2:14  Probe  
  26  2:23  Stargate  
  26  2:26  Probe  
  27  2:30  Adept (Chrono Boost)  
  28  2:38  Probe x2  
  28  2:41  Warp Gate  
  30  2:50  Shield Battery, Probe x2  
  32  2:56  Stalker  
  34  3:02  Probe (Chrono Boost)  
  36  3:08  Probe (Chrono Boost)  
  36  3:11  Probe (Chrono Boost)  
  37  3:16  Probe (Chrono Boost)  
  37  3:17  Probe (Chrono Boost)  
  40  3:24  Oracle (Chrono Boost)  
  39  3:27  Probe  
  39  3:29  Probe  
  39  3:30  Pylon  
  43  3:37  Twilight Council  
  43  3:39  Probe  
  43  3:41  Probe  
  45  3:47  Gateway  
  45  3:50  Gateway  
  45  3:52  Probe  
  45  3:53  Probe  
  47  4:00  Shield Battery  
  47  4:04  Probe  
  47  4:05  Probe  
  47  4:07  Pylon  
  47  4:08  Assimilator  
  49  4:11  Blink (Chrono Boost)  
  49  4:16  Probe  
  50  4:19  Probe  
  51  4:26  Pylon  
  51  4:28  Probe  
  52  4:35  Stalker  
  52  4:37  Phoenix  
  56  4:41  Shield Battery  
  56  4:44  Pylon  
  56  4:45  Stalker  
  58  4:48  Probe  
  58  4:50  Stalker  
  61  4:53  Shield Battery  
  61  4:57  Probe  
  62  5:02  Probe  
  62  5:03  Pylon  
  59  5:11  Stalker x2  
  58  5:16  Stalker  
  58  5:18  Probe  
  58  5:20  Probe  
  48  5:35  Stalker x2  
  50  5:36  Probe  
  50  5:37  Probe  
  52  5:43  Stalker  
  52  5:48  Probe  
  52  5:49  Probe  
  56  5:53  Pylon  
  56  6:00  Probe  
  56  6:02  Stalker  
  56  6:03  Charge (Chrono Boost)  
  58  6:07  Nexus  
  58  6:11  Pylon  
  58  6:12  Stalker  
  58  6:13  Probe x2  
  62  6:19  Stalker  
  62  6:25  Probe x2  
  65  6:32  Stalker  
  68  6:36  Forge  
  68  6:37  Probe x2  
  70  6:42  Stalker  
  70  6:43  Stalker  
  74  6:49  Probe  
  74  6:50  Probe  
  74  6:59  Stalker  
  76  7:01  Probe  
  76  7:02  Probe  
  76  7:05  Gateway  
  76  7:07  Gateway  
  76  7:09  Protoss Ground Weapons Level 1 (Chrono Boost), Stalker x2  
  76  7:13  Probe  
  76  7:14  Probe  
  78  7:25  Probe  
  78  7:26  Stalker, Probe  
  82  7:34  Stalker x2  
  82  7:35  Probe  
  83  7:48  Gateway  
  83  7:51  Gateway  
  83  7:55  Stalker  
  83  7:58  Probe  
  84  8:02  Stalker x4  
  88  8:06  Probe  
  88  8:10  Robotics Facility  
  88  8:12  Assimilator  
  89  8:18  Gateway  
  89  8:19  Pylon  
  89  8:20  Shield Battery, Pylon  
  89  8:24  Sentry  
  85  8:29  Sentry, Zealot x3  
  93  8:40  Pylon  
  93  8:41  Pylon  
  93  8:46  Nexus  
  93  8:47  Shield Battery  
  93  8:51  Stalker x3  
  93  8:52  Pylon, Stalker x2  
  103  8:56  Zealot x2  
  103  8:57  Pylon  
  103  8:59  Observer  
  108  9:03  Pylon  
  108  9:04  Probe  
  108  9:05  Probe x2  
  108  9:07  Protoss Ground Weapons Level 2 (Chrono Boost)  
  110  9:14  Zealot x2  
  110  9:15  Zealot x3  
  110  9:17  Probe  
  121  9:30  Zealot x3  
  125  9:32  Observer  
  125  9:38  Probe  
  127  9:40  Robotics Bay  
  127  9:42  Robotics Facility, Probe  
  122  9:48  Probe  
  122  9:50  Warp Prism (Chrono Boost), Probe  
  120  9:53  Photon Cannon  
  120  9:54  Probe  
  120  9:58  Probe  
  124  10:00  Probe  
  124  10:04  Assimilator, Probe  
  126  10:11  Zealot x4  
  126  10:12  Zealot x2  
  137  10:20  Zealot x2  
  135  10:30  Disruptor x2 (Chrono Boost)  
  135  10:34  Zealot  
  135  10:35  Zealot x5  
  143  10:46  Pylon  
  139  10:51  Probe x3  
  139  10:52  Probe  
  139  10:54  Photon Cannon  
  139  10:56  Zealot x5, Shield Battery  
  151  10:59  Zealot  
  151  11:00  High Templar x2  
  151  11:02  Zealot x2  
  157  11:08  Colossus (Chrono Boost)  
  163  11:14  Colossus (Chrono Boost)  
  168  11:18  Zealot, Shield Battery  
  145  11:26  Zealot x4  
  145  11:31  Zealot x2  
  137  11:38  Zealot  
  125  11:41  Zealot  
  106  11:49  Zealot x5  
  108  11:56  Zealot x2  
  108  11:59  Zealot  
  108  12:00  Colossus  
  112  12:10  Extended Thermal Lance (Chrono Boost)  
  112  12:14  Colossus (Chrono Boost)  
  118  12:27  Photon Cannon  
  110  12:33  Sentry x3  
  113  12:40  Zealot x5  
  97  13:02  Stalker x5  
  106  13:07  Observer (Chrono Boost)  
  106  13:23  Observer (Chrono Boost)  
  102  13:28  Zealot x5  
  102  13:29  Zealot x3  
  103  13:49  Zealot x5  
  103  13:50  Zealot x2  
  103  13:55  Observer, Zealot  
  79  14:14  Sentry  
  79  14:15  Zealot x4  
  89  14:20  Sentry x3  
  83  14:43  Zealot x7  
  93  14:56  Stalker  
Show
View Real Time Build Order
Export as new Build Order

HeroMarine Terran 

Build Orders: Cyclone Opening 

Get SALT Encoding   

  12  0:00  SCV  
  13  0:12  SCV  
  14  0:16  Supply Depot  
  14  0:24  SCV  
  15  0:38  Barracks, SCV  
  16  0:42  Refinery  
  16  0:50  SCV  
  16  0:54  Refinery  
  17  1:02  SCV  
  18  1:14  SCV  
  20  1:25  Reaper  
  20  1:26  Orbital Command  
  20  1:47  Factory  
  20  1:48  Supply Depot  
  20  1:52  SCV  
  21  1:58  Barracks Reactor  
  21  2:04  SCV  
  22  2:16  SCV  
  22  2:21  Command Center  
  23  2:28  SCV  
  24  2:36  Cyclone  
  26  2:40  SCV  
  26  2:42  Starport  
  27  2:48  Marine, Supply Depot  
  27  2:50  Marine  
  29  2:54  SCV  
  30  3:06  SCV  
  30  3:10  Marine x2, Widow Mine  
  35  3:18  Medivac  
  35  3:19  SCV  
  37  3:28  Marine x2  
  37  3:33  Cyclone, SCV  
  42  3:45  SCV  
  42  3:46  Marine  
  42  3:47  Marine  
  45  3:48  Liberator  
  45  3:51  Orbital Command  
  48  3:57  SCV  
  49  4:04  Supply Depot  
  49  4:05  Cyclone  
  49  4:06  Marine  
  49  4:09  Marine  
  53  4:10  SCV  
  54  4:20  Supply Depot  
  54  4:25  SCV x2, Marine  
  54  4:26  Marine  
  56  4:32  Starport Tech Lab  
  56  4:37  SCV x2  
  56  4:43  Marine  
  56  4:44  Marine  
  58  4:49  SCV x2  
  58  4:51  Raven, Interference Matrix  
  62  4:53  Factory Tech Lab  
  62  4:54  Barracks  
  62  5:01  Marine  
  62  5:02  Marine, SCV x2  
  64  5:14  SCV x2  
  62  5:18  Marine  
  62  5:19  Barracks  
  62  5:20  Marine  
  61  5:26  SCV x2  
  60  5:31  Raven  
  62  5:36  Marine  
  62  5:37  Engineering Bay  
  62  5:38  SCV x2, Marine  
  64  5:43  Barracks  
  64  5:50  SCV x2  
  64  5:56  Marine x2  
  65  6:02  SCV x2  
  65  6:03  Barracks  
  62  6:05  Stimpack  
  62  6:06  Terran Infantry Weapons Level 1  
  62  6:08  Refinery  
  62  6:09  Refinery  
  62  6:14  Missile Turret, Marine, SCV x2  
  62  6:15  Marine  
  62  6:17  Marauder  
  67  6:20  Marauder  
  67  6:24  Starport Reactor, Factory Reactor  
  66  6:26  SCV x2  
  66  6:32  Combat Shield  
  67  6:37  Marine x2  
  67  6:38  Marauder  
  70  6:46  Supply Depot  
  70  6:48  Supply Depot  
  70  6:50  Marauder  
  70  6:51  Command Center  
  70  6:53  SCV x2  
  70  6:54  Marine  
  70  6:57  Marine  
  68  7:01  Marauder  
  68  7:02  Marine x2  
  68  7:07  Medivac x2  
  68  7:08  Widow Mine x2  
  76  7:11  Marine  
  76  7:12  Supply Depot, Marine  
  72  7:23  Marauder  
  72  7:26  Marine x2  
  72  7:27  Marine  
  72  7:29  Marauder  
  75  7:30  SCV, Marine  
  75  7:32  SCV  
  72  7:37  Medivac x2  
  72  7:42  SCV  
  72  7:44  SCV, Marine x3  
  74  7:45  Marine  
  74  7:47  Marine  
  74  7:50  Marine, Widow Mine x2  
  80  7:54  SCV  
  79  8:01  Marine  
  79  8:02  Marauder, Marine x2  
  83  8:05  Marine  
  83  8:06  Orbital Command  
  83  8:08  Marine, Concussive Shells  
  83  8:12  Medivac  
  86  8:13  SCV  
  86  8:14  SCV  
  86  8:17  Terran Infantry Armor Level 1  
  88  8:20  Medivac  
  88  8:24  Marauder  
  88  8:26  Marauder  
  94  8:27  SCV x2  
  94  8:29  Orbital Command  
  94  8:31  Marine x2  
  94  8:33  Barracks Reactor  
  94  8:34  Barracks Tech Lab  
  98  8:40  Supply Depot, Widow Mine x2  
  104  8:42  SCV x2  
  104  8:43  Armory  
  104  8:47  Marauder  
  106  8:50  Marauder  
  106  8:54  SCV  
  109  9:01  Supply Depot  
  109  9:02  Marine, Marauder  
  113  9:03  Marine  
  113  9:08  Marine  
  117  9:12  Marauder, Supply Depot  
  117  9:13  Supply Depot  
  117  9:15  SCV  
  117  9:16  Supply Depot  
  117  9:22  SCV x2  
  119  9:28  Marauder  
  116  9:32  Marauder, Marine x3  
  116  9:33  Marine, Medivac x2, Widow Mine x2  
  116  9:34  Marauder  
  131  9:40  Supply Depot  
  131  9:42  SCV  
  131  9:43  SCV x2  
  134  9:49  Marine x2  
  134  9:50  Marine  
  137  9:53  Marauder  
  137  9:54  Widow Mine  
  137  9:56  Marauder  
  137  9:58  Marine x2  
  141  10:01  Widow Mine  
  141  10:03  Medivac x2  
  147  10:07  Supply Depot, Marine  
  147  10:11  Terran Infantry Weapons Level 2  
  147  10:13  Engineering Bay  
  148  10:14  Marine  
  148  10:15  Marine, Marauder  
  148  10:18  Marine  
  148  10:19  Marine  
  148  10:20  Widow Mine  
  156  10:27  Widow Mine  
  156  10:32  Marauder x2  
  156  10:35  Supply Depot x2  
  152  10:38  Marine  
  152  10:39  Marauder, Marine x2  
  152  10:40  Marine  
  149  10:43  SCV  
  149  10:44  SCV x2  
  150  10:53  Marine  
  150  10:54  Marauder  
  150  10:56  Marine x2  
  150  10:57  Marine  
  155  11:00  Marauder  
  155  11:02  Widow Mine x2, Ghost Academy  
  162  11:11  Terran Infantry Armor Level 2  
  162  11:12  Marauder  
  162  11:15  Marine, Marauder  
  162  11:16  Marine x3  
  170  11:21  Marauder  
  143  11:32  Marine  
  143  11:33  Marine x3  
  143  11:34  Marine  
  143  11:36  Marauder  
  139  11:43  Marauder  
  130  11:50  Marine  
  130  11:51  Marine x3  
  132  11:58  Marauder  
  134  12:02  Marine  
  134  12:04  Marauder  
  134  12:07  Widow Mine x2  
  134  12:08  Marine  
  137  12:09  Marine x2  
  137  12:14  Marine  
  141  12:19  Marauder  
  139  12:27  Medivac x2  
  139  12:28  Widow Mine  
  142  12:31  Marauder x2  
  142  12:33  Marine x2  
  148  12:41  Marauder  
  143  12:46  Marine x2  
  137  12:52  Marauder x2  
  137  12:54  Widow Mine  
  137  12:55  Marine  
  139  12:59  Marine  
  139  13:01  SCV  
  139  13:02  Marauder  
  141  13:09  Marine x2  
  139  13:13  Marauder x2  
  139  13:17  Medivac  
  139  13:18  Widow Mine x2  
  149  13:23  Marine x2, Marauder  
  149  13:27  Marine  
  148  13:39  Marauder  
  148  13:43  Marauder  
  148  13:47  Marauder  
  131  13:52  Marine  
  123  14:00  Marauder, Marine x2  
  107  14:05  Marauder  
  107  14:08  Marauder, Medivac  
  105  14:22  Viking, Marauder  
  106  14:26  Marauder  
  106  14:30  Marauder  
  102  14:34  Orbital Command  
  102  14:38  Marine  
  80  14:42  Marine x3  
  80  14:43  Marauder  
Tags
 
Add a new tag
Caveats
  • Supply blocks, unpowered buildings, or Contaminate may cause inaccurate times.
  • Supply counts are checked every 10 seconds.